 Dungeon Crawl Stone Soup version 0.17-a0-1949-g1acca9a (webtiles) character file.

9380 Ordine the Stickfighter (level 11, -1/82 HPs)
             Began as a Minotaur Gladiator on Oct 2, 2015.
             Was a High Priest of Okawaru.
             Slain by Snorg (17 damage)
             ... on level 3 of the Lair of Beasts.
             The game lasted 00:47:06 (8932 turns).

Ordine the Stickfighter (Minotaur Gladiator)        Turns: 8932, Time: 00:47:07

Health: -1/82      AC: 22    Str: 19    XL:     11   Next: 22%
Magic:  17/17      EV:  8    Int:  8    God:    Okawaru [*****.]
Gold:   648        SH:  0    Dex: 21    Spells: 0 memorised, 10 levels left

rFire  . . .     SeeInvis .     a - +1 quarterstaff
rCold  . . .     Clarity  .     D - +4 plate armour
rNeg   . . .     SustAt   .     (no shield)
rPois  .         Gourm    .     c - +0 hat
rElec  .         Spirit   .     m - +0 cloak
rCorr  .         Warding  .     I - +0 pair of gloves
rMut   .         Stasis   .     G - +0 pair of boots
MR     .....                    (no amulet)
Stlth  ..........               s - +3 ring of dexterity
                                P - +3 ring of intelligence

@: not resistant to hostile enchantments, extremely unstealthy
A: retaliatory headbutt, horns 2, rough black scales 1, thin skeletal structure
1, agile 1, blurry vision 1
a: Heroism, Finesse, Renounce Religion


You were on level 3 of the Lair of Beasts.
You worshipped Okawaru.
Okawaru was extremely pleased with you.
You were not hungry.

You visited 3 branches of the dungeon, and saw 12 of its levels.
You also visited: Sewer.

You collected 648 gold pieces.

Inventory:

Hand weapons
 a - a +1 quarterstaff (weapon)
Armour
 c - a +0 hat (worn)
 m - a +0 cloak (worn)
 D - a +4 plate armour (worn)
 G - a +0 pair of boots (worn)
 I - a +0 pair of gloves (worn)
Jewellery
 s - a +3 ring of dexterity (right hand)
 P - a +3 ring of intelligence (left hand)
Scrolls
 g - 5 scrolls of teleportation
 o - a scroll of recharging
 u - 6 scrolls of remove curse
 B - 3 scrolls of identify
 K - a scroll of amnesia
 M - a scroll of fear
Potions
 f - 4 potions of curing
 h - 2 potions of heal wounds
 l - 5 potions of lignification
 v - a potion of cancellation
Comestibles
 i - 16 fruits


   Skills:
 + Level 3.4 Fighting
 - Level 16.0 Staves
 - Level 2.0 Throwing
 + Level 2.4 Armour
 + Level 4.1 Dodging
 - Level 10.0 Invocations


You had 10 spell levels left.
You didn't know any spells.

Dungeon Overview and Level Annotations

Branches:
Dungeon (8/15)             Temple (1/1) D:5            Lair (3/8) D:8
  Swamp: Lair:3-6    Shoals: Lair:3-6     Snake: Lair:3-6    Spider: Lair:3-6

Altars:
Ashenzari
Cheibriados
Dithmenos
Elyvilon
Fedhas
Gozag
Kikubaaqudgha
Makhleb
Nemelex Xobeh
Okawaru
Qazlal
Ru
Trog
Vehumet
Xom
Yredelemnul
Zin
The Shining One

Shops:
D:6 (

Annotations:
Lair:2 exclusion: 2 oklob plants
Lair:3 Snorg


Innate Abilities, Weirdness & Mutations

You reflexively headbutt those who attack you in melee.
You have a pair of horns on your head.
You are partially covered in rough black scales (AC +4, Dex -1).
You have a somewhat thin skeletal structure (Dex +2, Stealth).
You are agile. (Dex +2)
Scrolls take you a little longer to read.


Message History

A spiny frog comes into view.
The spiny frog gives a loud, deep croak!
Snorg shouts!
You sock the spiny frog!
The spiny frog is moderately wounded.
Snorg goes berserk!
The spiny frog closely misses you.
You hit the spiny frog but do no damage.
You headbutt the spiny frog, but do no damage.
The spiny frog is moderately wounded.
The spiny frog stings you but does no damage.
Read which item? (? for menu, Esc to quit)
Really read with blurry vision while enemies are nearby?
The spiny frog stings you!
You begin reading the scroll.
You continue reading the scroll.
Snorg bites you. Snorg claws you but does no damage. Snorg claws you.
* * * LOW HITPOINT WARNING * * *
The spiny frog stings you!
* * * LOW HITPOINT WARNING * * *
Snorg bites you!
You die...

♣...##....# ..## ♣...##....##
...# .....#...#.# .#.#
♣..........##..'###....... ♣
♣♣♣♣♣♣...#P...............#.#.#
♣♣♣.♣.♣♣.####.................#..
.♣.......##......................
................T................
................@F...............
............................S....
...............#.#..#..##...T....
..###.#.#......###.## ###...#.###
..##...##.##....##+.####.....##
..###...####...#.#......##..##
... ..... #....#......###...# ..
#...##.......##..##
...##...###..#...##...


You could see Snorg (berserk) and a spiny frog.

Vanquished Creatures
  Urug (Lair:1)
  Pikel (D:7)
  A black mamba (Lair:3)
  A spiny frog (Lair:2)
  A fire drake (D:8)
  4 polar bears (Lair:2)
  Sigmund (D:6)
  16 yaks
  A wyvern (D:8)
  A hungry ghost (D:8)
  A hippogriff (D:7)
  Edmund (D:4)
  An orc warrior (D:8)
  A sky beast (D:7)
  The ghost of krfreak the Sneak, an average VSEn of Nemelex Xobeh (D:4)
  A porcupine (Lair:1)
  Purgy (Sewer)
  3 black bears (Lair:2)
  2 phantoms
  2 centaurs (D:5)
  An ogre (D:6)
  A gnoll sergeant (D:7)
  A big kobold (D:8)
  3 crocodiles (Lair:2)
  8 giant frogs
  4 scorpions
  4 wights (D:7)
  An electric eel (Lair:2)
  3 crimson imps
  2 jellies
  4 iguanas
  3 orc priests
  5 hounds
  2 orc wizards
  4 worker ants
  Jessica (D:3)
  A gnoll shaman (D:7)
  A hound skeleton (D:5)
  A worker ant zombie (D:8)
  11 adders
  5 gnolls
  26 river rats
  3 shadow imps
  An adder zombie (D:8)
  2 oozes
  3 worms
  4 giant geckos
  24 orcs
  A ball python (D:3)
  A bat zombie (D:4)
  6 hobgoblins
  3 jackals (D:3)
  2 quokkas (D:3)
  10 bats
  11 giant cockroaches
  4 giant newts
  5 goblins
  A jackal skeleton (D:4)
  15 kobolds
  A quokka skeleton (D:4)
  9 rats
  A rat zombie (D:4)
  A plant (Lair:2)
242 creatures vanquished.

Vanquished Creatures (others)
  3 slaves (D:7)
  A centaur (D:7)
  A giant frog (D:7)
  An orc wizard (D:7)
  A gnoll (D:7)
  An adder (D:7)
  A giant cockroach (D:7)
  A fungus (Lair:2)
  A plant (Lair:2)
11 creatures vanquished.

Grand Total: 253 creatures vanquished

Notes
Turn   | Place    | Note
--------------------------------------------------------------
     0 | D:1      | Ordine the Minotaur Gladiator began the quest for the Orb.
     0 | D:1      | Reached XP level 1. HP: 18/18 MP: 0/0
    60 | D:1      | Reached skill level 4 in Staves
   265 | D:1      | Reached XP level 2. HP: 23/25 MP: 1/1
  1007 | D:2      | Reached skill level 5 in Staves
  1007 | D:2      | Reached XP level 3. HP: 26/30 MP: 2/2
  1134 | D:2      | Found a shadowy altar of Dithmenos.
  1236 | D:2      | Gained mutation: You are partially covered in rough black scales (AC +4, Dex -1). [potion of mutation]
  1236 | D:2      | Gained mutation: You are weak. (Str -2) [potion of mutation]
  1236 | D:2      | Gained mutation: You can breathe flames. [potion of mutation]
  1375 | D:2      | Reached XP level 4. HP: 37/37 MP: 3/3
  1478 | D:3      | Found a faded altar to an unknown god.
  1482 | D:3      | Reached skill level 6 in Staves
  1495 | D:3      | Noticed Jessica
  1510 | D:3      | Killed Jessica
  1573 | D:3      | Noticed krfreak's ghost (average VSEn)
  1630 | D:3      | Reached XP level 5. HP: 30/42 MP: 4/4
  1633 | D:3      | Reached skill level 7 in Staves
  1721 | D:3      | Found a glowing drain.
  1735 | Sewer    | Entered a sewer
  1759 | Sewer    | Noticed Purgy
  1765 | Sewer    | Killed Purgy
  1765 | Sewer    | Reached skill level 8 in Staves
  1765 | Sewer    | Reached XP level 6. HP: 44/50 MP: 5/5
  1770 | Sewer    | Gained mutation: Your magical capacity is low (-10% MP). [potion of mutation]
  1770 | Sewer    | Lost mutation: Your magical capacity is low (-10% MP). [potion of mutation]
  1770 | Sewer    | Gained mutation: You are agile. (Dex +2) [potion of mutation]
  1822 | Sewer    | Gained mutation: You have a somewhat thin skeletal structure (Dex +2, Stealth). [potion of mutation]
  1822 | Sewer    | Gained mutation: Scrolls take you a little longer to read. [potion of mutation]
  2209 | D:4      | Noticed Edmund
  2224 | D:4      | Killed Edmund
  2224 | D:4      | Reached skill level 9 in Staves
  2362 | D:4      | Reached XP level 7. HP: 41/56 MP: 6/6
  2371 | D:4      | Reached skill level 10 in Staves
  2616 | D:4      | Killed krfreak's ghost
  2627 | D:4      | Found an ancient bone altar of Kikubaaqudgha.
  2685 | D:5      | Entered Level 5 of the Dungeon
  2889 | D:5      | Reached skill level 11 in Staves
  3010 | D:5      | Found a snail-covered altar of Cheibriados.
  3095 | D:5      | Reached XP level 8. HP: 62/62 MP: 7/7
  3353 | D:5      | Found a staircase to the Ecumenical Temple.
  3368 | D:5      | Reached skill level 12 in Staves
  3380 | Temple   | Entered the Ecumenical Temple
  3456 | Temple   | Became a worshipper of Warmaster Okawaru
  3540 | D:6      | Found Foxostra's Weapon Shoppe.
  3768 | D:6      | Found a radiant altar of Vehumet.
  3777 | D:6      | Noticed Sigmund
  3784 | D:6      | Killed Sigmund
  3812 | D:6      | Found a sparkling altar of Nemelex Xobeh.
  3835 | D:6      | Found an opulent altar of Gozag.
  4128 | D:6      | Reached skill level 13 in Staves
  4353 | D:6      | Found a glowing golden altar of the Shining One.
  4447 | D:7      | Noticed Pikel
  4472 | D:7      | Killed Pikel
  4472 | D:7      | Acquired Okawaru's first power
  4472 | D:7      | Reached skill level 14 in Staves
  4472 | D:7      | Reached XP level 9. HP: 30/68 MP: 8/8
  4840 | D:7      | Lost mutation: You can breathe flames. [mutagenic meat]
  4841 | D:7      | Lost mutation: You are weak. (Str -2) [mutagenic meat]
  4946 | D:7      | Reached skill level 15 in Staves
  5508 | D:8      | Reached skill level 16 in Staves
  5716 | D:8      | Reached skill level 1 in Invocations
  5803 | D:8      | Found a staircase to the Lair.
  5803 | D:8      | Noticed a fire drake
  5814 | D:8      | Killed a fire drake
  5831 | D:8      | Reached XP level 10. HP: 64/74 MP: 9/11
  6203 | Lair:1   | Entered Level 1 of the Lair of Beasts
  6216 | Lair:1   | Noticed Urug
  6249 | Lair:1   | Killed Urug
  6277 | Lair:1   | Reached skill level 5 in Invocations
  6283 | Lair:1   | Got a scorched scale mail
  6373 | Lair:1   | Identified the +2 scale mail of the Gravedigger {rN+} (You found it on level 1 of the Lair of Beasts)
  7382 | Lair:2   | Noticed an oklob plant
  7403 | Lair:2   | Noticed an oklob plant
  7983 | Lair:2   | Reached XP level 11. HP: 29/80 MP: 14/17
  8061 | Lair:2   | Acquired Okawaru's second power
  8098 | Lair:2   | Reached skill level 10 in Invocations
  8290 | Lair:2   | Reached skill level 1 in Armour
  8823 | Lair:3   | Noticed Snorg
  8932 | Lair:3   | Slain by Snorg

Vault maps used:
D:1:      minmay_arrival_nine_rooms, minivault_11
D:2:      overflow_temple_1_default
D:3:      ecumenical_altar_2, gup_sewer_entry_bubbles, first_bread, uniq_jessica
D:4:      lemuel_zombie_altar_kikubaaqudgha, minmay_crystal_water, uniq_edmund
D:5:      temple_hall, cheibriados_altar_1
D:6:      lemuel_crystal_altar, kennysheep_little_box, grunt_gozag_breadcrumbs,
          nicolae_overflow_hidden_temple, serial_shops, nicolae_shop_stone,
          uniq_sigmund
D:7:      kennysheep_nub, uniq_pikel
D:8:      minmay_lair_entry_lava
Temple:   jpeg_temple_clearing_12
Lair:1:   uniq_urug
Lair:2:   beast_lair_carwin_large_2, st_stairs_4, disabler_island,
          infiniplex_staircase_pool, lemuel_fruit_tree
Lair:3:   guppyfry_lair_drakes, uniq_snorg
Sewer:    kennysheep_door_sewer

Action                   |  1- 3 |  4- 6 |  7- 9 | 10-12 || total
-------------------------+-------+-------+-------+-------++-------
Melee: Quarterstaff      |    85 |   137 |   336 |   307 ||   865
Invok: Heroism           |       |       |       |     4 ||     4
       Finesse           |       |       |       |     1 ||     1
Evoke: Wand              |       |       |     1 |    12 ||    13
  Use: Scroll            |     8 |     4 |     5 |     5 ||    22
       Potion            |     1 |     2 |     1 |     8 ||    12
 Stab: Sleeping          |       |     7 |       |       ||     7
       Confused          |       |       |     1 |       ||     1
  Eat: Chunk             |     1 |     4 |    16 |     7 ||    28
       Beef jerky        |       |       |     2 |     1 ||     3
       Fruit             |       |       |       |     3 ||     3
